 Dungeon Crawl Stone Soup version 0.30-a0-2-gf48d83f5e2 (webtiles) character file.

Game seed: 5254132133204181223

13 kae the Firebug (level 2, 0/15 HPs)
             Began as a Deep Elf Fire Elementalist on Aug 19, 2022.
             Slain by a jackal (2 damage)
             ... on level 1 of the Dungeon.
             The game lasted 00:00:18 (525 turns).

kae the Firebug (Deep Elf Fire Elementalist)         Turns: 525, Time: 00:00:18

Health: 0/15       AC:  2    Str:  5    XL:     2   Next: 24%
Magic:  3/8        EV: 12    Int: 19    God:
Gold:   59         SH:  0    Dex: 15    Spells: 4/7 levels left

rFire   . . .      SeeInvis .    (no weapon)
rCold   . . .      Faith    .    (no shield)
rNeg    . . .      Spirit   .    a - +0 robe
rPois   .          Reflect  .    (no helmet)
rElec   .          Harm     .    (no cloak)
rCorr   .          Rampage  .    (no gloves)
Will    .....                    (no boots)
Stlth   ++........               (no amulet)
HPRegen 0.05/turn                (no ring)
MPRegen 0.11/turn                (no ring)

@: very slightly contaminated
A: no striking features
a: no special abilities


You were on level 1 of the Dungeon.
You visited 1 branch of the dungeon, and saw 1 of its levels.

You collected 59 gold pieces.


   Skills:
 + Level 0.3 Fighting
 + Level 2.5 Dodging
 - Level 2.4 Stealth
 + Level 3.2 Spellcasting
 * Level 1.6 Conjurations
 * Level 3.5 Fire Magic


You had 4 spell levels left.
You knew the following spells:

 Your Spells              Type           Power      Damage    Failure   Level
a - Foxfire               Conj/Fire      48%        2x1d6     5%          1
b - Scorch                Fire           32%        2d7       5%          2

Your spell library contained the following spells:

 Spells                   Type           Power      Damage    Failure   Level
 Conjure Flame            Conj/Fire      12%        6-21      16%         3
 Inner Flame              Hex/Fire       9%         N/A       22%         3
 Flame Wave               Conj/Fire      12%        2d6       45%         4

Inventory:

Missiles
 d - 3 stones
Armour
 a - a +0 robe (worn)
Scrolls
 e - a scroll of teleportation {unknown}
Potions
 b - a potion of magic
 c - a potion of might {unknown}

Dungeon Overview and Level Annotations

Branches:
Dungeon (1/15) Zot: 5474

Altars:

#.## #... # #### #. #..
########## #...###
#........#
.......######.......)###
.......vv...............
......h@#####........###
......Bh# #........#
.!......# ####...###
#########....# #####
####...# #....# ......#
#....# #....# #....#
#...# #....# #...#


You could see 2 jackals and a giant cockroach.


Message History

There is a stone staircase leading down here.
A goblin comes into view. It is wielding a +0 dagger.
The goblin shouts! 😎 MP[+2]
Your mp is fully restored (8).
A goblin is nearby!
A goblin is nearby!
You hit the goblin. The goblin barely misses you.
Casting: Foxfire (safe; 5% risk of failure)
Confirm with . or Enter, or press ? or * to list all spells.
Flames lash the goblin.
You kill the goblin! 😎 MP[-2]
You lost 2 mp, and now have 6/8 mp.
Casting: Scorch (safe; 5% risk of failure)
Confirm with . or Enter, or press ? or * to list all spells.
You can't see any susceptible monsters within range! (Use Z to cast anyway.)
You now have 59 gold pieces (gained 12).
e - a scroll labelled HOSHRE GETH 😎 MP[+2]
Your mp is fully restored (8).
A jackal and a giant cockroach come into view.
Casting: Scorch (safe; 5% risk of failure)
Confirm with . or Enter, or press ? or * to list all spells.
You can't see any susceptible monsters within range! (Use Z to cast anyway.)
There are monsters nearby!
There are monsters nearby! 2 jackals and a ball python come into view.
The giant cockroach bites you but does no damage.
The giant cockroach bites you. 😕 HP[-2]
You take 2 damage, and now have 13/15 hp.
Casting: Scorch (safe; 5% risk of failure)
Confirm with . or Enter, or press ? or * to list all spells.
You conjure some foxfire!
The jackal barks! x3
The giant cockroach closely misses you.
The foxfire hits the ball python.
You kill the ball python!
The foxfire hits the giant cockroach.
The giant cockroach barely misses you. 😕 MP[-1]
You lost 1 mp, and now have 7/8 mp.
Unknown command.
Casting: Foxfire (safe; 5% risk of failure)
Confirm with . or Enter, or press ? or * to list all spells.
You conjure some foxfire!
The jackal bites you but does no damage.
The foxfire hits the jackal.
The giant cockroach closely misses you. The jackal closely misses you.
The foxfire hits the jackal.
You kill the jackal!
The giant cockroach misses you. 😕 MP[-1]
You lost 1 mp, and now have 6/8 mp.
Casting: Foxfire (safe; 5% risk of failure)
Confirm with . or Enter, or press ? or * to list all spells.
You conjure some foxfire!
The jackal bites you.
The giant cockroach bites you but does no damage.
The jackal closely misses you. The jackal bites you.
The giant cockroach bites you.
* * * LOW HITPOINT WARNING * * *
The jackal closely misses you.
The foxfire hits the jackal.
The foxfire hits the jackal but does no damage.
The jackal bites you.
* * * LOW HITPOINT WARNING * * *
The jackal barely misses you.
The giant cockroach bites you but does no damage. 😨 HP[-7] MP[-1]
You take 7 damage, and now have 6/15 hp.
MASSIVE DAMAGE!! (PAUSE)
You lost 1 mp, and now have 5/8 mp.
Casting: Foxfire (safe; 5% risk of failure)
Confirm with . or Enter, or press ? or * to list all spells.
You miscast Foxfire.
You are very lightly contaminated with residual magic.
Nothing appears to happen.
The jackal barely misses you. x2
The giant cockroach barely misses you. 😨 MP[-1]
You lost 1 mp, and now have 4/8 mp.
Casting: Foxfire (safe; 5% risk of failure)
Confirm with . or Enter, or press ? or * to list all spells.
You conjure some foxfire!
The jackal bites you.
* * * LOW HITPOINT WARNING * * *
The jackal closely misses you. The giant cockroach bites you.
* * * LOW HITPOINT WARNING * * *
The jackal bites you but does no damage. x2
The foxfire hits the jackal. x2; The giant cockroach barely misses you.
The jackal bites you.
* * * LOW HITPOINT WARNING * * *
The jackal barely misses you. 😱 HP[-4]
You take 4 damage, and now have 2/15 hp.
MASSIVE DAMAGE!! (PAUSE)
Casting: Foxfire (safe; 5% risk of failure)
Confirm with . or Enter, or press ? or * to list all spells.
You conjure some foxfire!
The jackal barely misses you.
The giant cockroach bites you but does no damage.
The jackal bites you.
You die...

Action                   || total
-------------------------++-------
Melee: Unarmed           ||     1
 Cast: Foxfire           ||    28
       Scorch            ||     1
Armor: Robe              ||     8
Dodge: Dodged            ||    25

Levels and vault maps discovered:
D:1:      wheals_arrival_linesprint, layout_basic, minivault_27,
          minmay_lizard_pond

Notes
Turn   | Place    | Note
-------+----------+-------------------------------------------
     0 | D:1      | kae the Deep Elf Fire Elementalist began the quest for the
                  | Orb.
     0 | D:1      | Reached XP level 1. HP: 10/10 MP: 6/6
     0 | D:1      | magus.rc [v1.11.3]
   304 | D:1      | Reached XP level 2. HP: 13/15 MP: 5/8
   347 | D:1      | Learned a level 2 spell: Scorch
   524 | D:1      | HP: 2/15 [jackal (2)]
   525 | D:1      | Slain by a jackal

Vanquished Creatures
  2 ball pythons (D:1)
  An endoplasm (D:1)
  A jackal (D:1)
  A quokka (D:1)
  2 bats (D:1)
  A frilled lizard (D:1)
  A goblin (D:1)
  A kobold (D:1)
  4 rats (D:1)
14 creatures vanquished.

Vanquished Creatures (others)
  47 foxfires (D:1)
47 creatures vanquished.

Grand Total: 61 creatures vanquished

Table legend:
 A = Non-vault XP
 B = Vault XP
 C = Vault XP percentage of total XP
 D = Non-vault monster count
 E = Vault monster count
 F = Vault count percentage of total count
                 A         B        C        D         E       F
            +---------+---------+-------+---------+---------+-------
      Total |      19 |       0 |   0.0 |      14 |       0 |   0.0
            +---------+---------+-------+---------+---------+-------
        D:1 |      19 |       0 |   0.0 |      14 |       0 |   0.0
            +---------+---------+-------+---------+---------+-------

Illustrated notes

Table legend:
 A = Kills in this place as a percentage of kills in entire the game.
 B = Kills by you in this place as a percentage of kills by you in the entire game.
 C = Kills by friends in this place as a percentage of kills by friends in the entire game.
 D = Other kills in this place as a percentage of other kills in the entire game.
 E = Experience gained in this place as a percentage of experience gained in the entire game.
 F = Experience gained in this place divided by the number of levels of this place that you have seen.
                   A       B       C       D       E      F
               +-------+-------+-------+-------+-------+----------------------
         Total | 100.0 | 100.0 |   N/A |   N/A | 100.0 |  19.0
       Dungeon | 100.0 | 100.0 |   N/A |   N/A | 100.0 |  19.0
               +-------+-------+-------+-------+-------+----------------------

Table legend: (Time is in decaauts)
 A = Elapsed time spent in this place.
 B = Non-inter-level travel time spent in this place.
 C = Inter-level travel time spent in this place.
 D = Time resting spent in this place.
 E = Time spent auto-exploring this place.
 F = Levels seen in this place.
 G = Mean time per level.
                   A        B        C        D        E       F      G
               +--------+--------+--------+--------+--------+-----+--------+
         Total |    525 |    525 |      0 |      0 |    442 |   1 |  525.0 |
       Dungeon |    525 |    525 |      0 |      0 |    442 |   1 |  525.0 |
               +--------+--------+--------+--------+--------+-----+--------+

Top non-repeatable levels by time:
     D:1: 525 daAuts
